 Dungeon Crawl Stone Soup version 0.24-a0-584-g9d6b971ae4 (webtiles) character file.

Game seed: 10368768541789619090, levelgen mode: deterministic

59 Mithandil the Unweaver (level 3, -2/29 HPs)
             Began as a Demonspawn Abyssal Knight on Sept 4, 2019.
             Was a Follower of Lugonu.
             Slain by an orc
             ... wielding a +0 mace
              (5 damage)
             ... on level 3 of the Dungeon.
             The game lasted 00:06:28 (1071 turns).

Mithandil the Unweaver (Demonspawn Abyssal Knight)  Turns: 1071, Time: 00:06:29

Health: -2/29      AC: 10    Str: 14 (15) XL:     3   Next: 78%
Magic:  5/5        EV:  7    Int: 14 (16) God:    Lugonu [*.....]
Gold:   122        SH:  7    Dex: 11 (12) Spells: 2/2 levels left

rFire    . . .     SeeInvis .   a - +1 spear
rCold    . . .     Gourm    .   o - +0 shield
rNeg     . . .     Faith    .   q - +0 ring mail
rPois    .         Spirit   .   m - +0 helmet
rElec    .         Reflect  .   e - +1 cloak
rCorr    .         Harm     .   (no gloves)
MR       .....                  (no boots)
Stlth    +.........             (no amulet)
HPRegen  0.09/turn              i - +3 ring of intelligence
MPRegen  0.09/turn              l - +2 ring of strength

@: no status effects
A: molten scales 1, rot immunity
a: Depart the Abyss, Renounce Religion


You were on level 3 of the Dungeon.
You worshipped Lugonu.
Lugonu was aware of your devotion.
You were hungry.

You visited 1 branch of the dungeon, and saw 5 of its levels.
You visited the Abyss 1 time.

You collected 122 gold pieces.

Inventory:

Hand Weapons
 a - a +1 spear (weapon)
Missiles
 g - 16 stones (quivered)
Armour
 e - a +1 cloak (worn)
 m - a +0 helmet (worn)
 o - a +0 shield (worn)
 q - a +0 ring mail (worn)
Jewellery
 i - a +3 ring of intelligence (left hand)
 l - a +2 ring of strength (right hand)
Scrolls
 b - a scroll of teleportation {unknown}
 f - a scroll of enchant weapon {unknown}
 j - a scroll of remove curse {unknown}
 k - a scroll of identify
 p - a scroll of fear {unknown}
Potions
 h - a potion of resistance
 n - a potion of flight
Comestibles
 c - a ration
 d - 11 chunks of flesh


   Skills:
 + Level 3.2 Fighting
 * Level 2.4 Polearms
 + Level 2.1 Armour
 + Level 1.3 Dodging
 + Level 0.2 Stealth
 * Level 0.5 Shields
 + Level 3.3 Invocations


You had 2 spell levels left.
You didn't know any spells.
Your spell library contained the following spells:

 Spells                   Type           Power        Failure   Level  Hunger
 Summon Lightning Spire   Summ/Air       #.......     100%        4    #####..
 Silence                  Hex/Air        #.........   100%        5    ######.
 Conjure Ball Lightning   Conj/Air       #.........   100%        6    #######
 Deflect Missiles         Chrm/Air       #.........   100%        6    #######
 Tornado                  Air            #.........   100%        9    #######


Dungeon Overview and Level Annotations

Branches:
Dungeon (5/15)
 Temple: D:4-7

Altars:


Innate Abilities, Weirdness & Mutations

You are partially covered in molten scales. (AC +2)
You are immune to rotting.


Message History

The orc hits you from afar with a +0 trident.
The orc barely misses you.
You completely miss the orc.
The orc priest hits you but does no damage.
The orc hits you but does no damage. The orc closely misses you.
You hit the orc but do no damage. The orc hits you with a +0 mace!
* * * LOW HITPOINT WARNING * * *
The orc priest hits you with a +0 short sword.
* * * LOW HITPOINT WARNING * * *
The orc hits you but does no damage. You block the orc's attack. x2
You hit the orc priest.
The orc priest is severely wounded.
The orc priest hits you but does no damage.
The orc hits you but does no damage. x2
You hit the orc priest.
You kill the orc priest!
Lugonu accepts your kill.
You feel your strength returning. The orc hits you with a +0 mace.
You die...

#. ..# #.# #.#
#.# #.# ###
#.#####
.....####...)$#
.......<..###@#
.###.###..#
#oooo...# #..#
#.#####.#
.......#
##...#### ...##
##.# #.#


You could see 4 orcs.

Vanquished Creatures
  An orc priest (D:3)
  A worm (D:2)
  A dart slug (D:1)
  3 hobgoblins
  7 jackals (D:1)
  2 kobolds (D:1)
  5 bats
  3 frilled lizards (D:1)
  3 goblins
  2 rats (D:1)
28 creatures vanquished.

Notes
Turn   | Place    | Note
-------+----------+-------------------------------------------
     0 | Abyss:1  | Mithandil the Demonspawn Abyssal Knight began the quest for
                  | the Orb.
     0 | Abyss:1  | Reached XP level 1. HP: 18/18 MP: 2/2
    94 | Abyss:1  | Noticed a large abomination
   157 | D:1      | Escaped the Abyss
   243 | D:1      | Reached skill level 1 in Dodging
   408 | D:1      | Gained mutation: You are partially covered in molten
                  | scales. (AC +2) [demonic ancestry]
   408 | D:1      | Reached XP level 2. HP: 20/24 MP: 4/4
   634 | D:5      | Entered Level 5 of the Dungeon
   957 | D:1      | Gained mutation: You are immune to rotting. [demonic
                  | ancestry]
   957 | D:1      | Reached XP level 3. HP: 29/29 MP: 5/5
  1071 | D:3      | Slain by an orc

Levels and vault maps discovered:
D:1:      erik_arrival_blinker_ship, layout_basic
D:2:      layout_rooms, nicolae_overflow_crystal_walls,
          kennysheep_cluttered_room, trog_butcher_becter
D:3:      layout_loops_corners, tgw_sif, overflow_temple_1_default,
          kiku_gazebo_garden_becter, grunt_decor_cap, glass_columns_a,
          mrwooster_statue_mirror, uniq_ijyb
D:4:      layout_loops_ring, old_standard_altar, doesnt_xom_only_xom,
          nemelex_xobeh_ov_fountains_minmay, minmay_temple_entry_glass,
          serial_shops, nicolae_shop_behind_doors, kennysheep_big_empty_room,
          nicolae_ru_great_annihilating_truth, uniq_pikel
D:5:      layout_rooms, first_ration, hangedman_feature_mirror,
          makhleb_heckhound_becter

Skill      XL: |  1  2 |
---------------+-------+-----
Dodging        | 1 |  1.3
Polearms       | 2 |  2.4
Invocations    | 3 |  3.3
Armour         | 2 |  2.1
Fighting       | |  3.2
Stealth        | |  0.2
Shields        | |  0.5

Action                   || total
-------------------------++-------
Melee: Spear             ||   124
  Use: Potion            ||     3
       Scroll            ||     1
 Stab: Sleeping          ||     1
Armor: Leather armour    ||    39
       Ring mail         ||    19
Dodge: Dodged            ||    65
Block: Shield            ||    12

Table legend:
 A = Non-vault XP
 B = Vault XP
 C = Vault XP percentage of total XP
 D = Non-vault monster count
 E = Vault monster count
 F = Vault count percentage of total count
                 A         B        C        D         E       F
            +---------+---------+-------+---------+---------+-------
      Total |      85 |       0 |   0.0 |      28 |       0 |   0.0
            +---------+---------+-------+---------+---------+-------
        D:1 |      37 |       0 |   0.0 |      23 |       0 |   0.0
        D:2 |       9 |       0 |   0.0 |       3 |       0 |   0.0
        D:3 |      39 |       0 |   0.0 |       2 |       0 |   0.0
            +---------+---------+-------+---------+---------+-------
